Map: Cyber Forest LE

Players

Elazer

  • Race: Zerg Zerg
  • Spawn Location: 5:00

PtitDrogo - Winner!

  • Race: Protoss Protoss
  • League: Grandmaster
  • Spawn Location: 11:00

Event: 2019 WCS Winter Europe

VOD

Have the link to the VOD?

Description

Time

  • Played on: March 23, 2019, 12:38 p.m.
  • Length: 12:41

All games in this series

Show
View Real Time Build Order
Export as new Build Order

Elazer Zerg 

Build Orders: Hatch First, Swarm Host 

Get SALT Encoding   

  12  0:02  Drone  
  13  0:12  Overlord  
  13  0:17  Drone  
  14  0:30  Drone x2  
  16  0:48  Hatchery  
  15  0:51  Drone  
  15  0:55  Drone  
  17  0:58  Drone  
  18  1:09  Extractor  
  17  1:14  Spawning Pool  
  17  1:16  Drone  
  17  1:20  Drone  
  18  1:28  Drone  
  19  1:38  Drone  
  20  1:49  Drone  
  21  2:00  Overlord, Queen  
  21  2:01  Queen  
  23  2:02  Zergling x2  
  26  2:11  Zergling x2  
  26  2:12  Drone  
  28  2:22  Drone x2  
  30  2:32  Drone  
  30  2:33  Drone  
  30  2:36  Hatchery  
  31  2:39  Queen  
  33  2:45  Overlord  
  33  2:48  Drone  
  34  2:54  Drone x2  
  36  3:04  Overlord  
  36  3:07  Drone  
  36  3:08  Drone  
  36  3:09  Drone x4  
  42  3:18  Spore Crawler, Drone  
  42  3:20  Queen  
  44  3:32  Lair  
  44  3:33  Drone  
  44  3:36  Roach Warren  
  44  3:37  Drone  
  44  3:38  Drone  
  44  3:39  Drone  
  46  3:41  Drone  
  46  3:43  Drone  
  46  3:46  Drone  
  46  3:47  Drone  
  50  3:49  Drone  
  50  3:51  Drone  
  50  3:54  Extractor, Drone  
  50  3:55  Extractor  
  51  3:58  Overlord  
  51  4:07  Overlord  
  51  4:16  Roach x5  
  63  4:17  Roach x2  
  65  4:26  Drone  
  65  4:29  Overseer  
  65  4:30  Overlord  
  65  4:31  Drone x3  
  69  4:41  Overseer  
  69  4:46  Queen  
  69  4:49  Drone x8  
  79  4:52  Queen  
  79  4:55  Spore Crawler  
  77  5:02  Queen  
  77  5:05  Overlord  
  70  5:08  Drone x3  
  70  5:10  Drone  
  70  5:15  Drone x3  
  70  5:21  Overlord  
  70  5:22  Roach  
  70  5:28  Glial Reconstitution  
  67  5:35  Queen  
  67  5:41  Drone x4  
  64  5:43  Drone  
  64  5:45  Drone  
  63  5:50  Drone x2  
  63  5:52  Drone x2  
  63  5:54  Drone  
  63  5:56  Drone  
  68  5:59  Drone  
  68  6:02  Overlord  
  68  6:04  Drone  
  70  6:07  Spore Crawler  
  69  6:12  Overlord  
  69  6:13  Drone x2  
  69  6:14  Drone  
  69  6:16  Drone  
  69  6:17  Drone  
  74  6:19  Drone  
  75  6:26  Drone  
  75  6:27  Drone x5  
  75  6:30  Overlord  
  75  6:32  Extractor  
  80  6:36  Overlord  
  80  6:42  Drone x2  
  80  6:49  Extractor  
  80  6:50  Drone x6  
  80  6:51  Infestation Pit  
  85  6:54  Drone  
  85  6:55  Evolution Chamber  
  85  6:58  Extractor  
  85  6:59  Drone x4  
  87  7:03  Overlord  
  87  7:07  Drone  
  88  7:12  Roach  
  88  7:13  Roach  
  92  7:19  Roach x6  
  92  7:21  Ravager x3  
  104  7:23  Roach x4  
  104  7:27  Roach x2  
  104  7:29  Ravager x2  
  113  7:33  Overlord, Zerg Missile Weapons Level 1  
  113  7:34  Roach  
  115  7:45  Ravager, Roach x3  
  115  7:50  Overlord  
  122  7:56  Overlord  
  122  7:57  Overlord, Swarm Host  
  125  8:01  Swarm Host x2  
  131  8:06  Swarm Host  
  131  8:07  Swarm Host  
  131  8:10  Overlord  
  137  8:15  Swarm Host x6  
  155  8:27  Overlord  
  155  8:32  Overlord, Swarm Host  
  155  8:33  Nydus Network  
  158  8:41  Roach x6  
  158  8:43  Overlord  
  158  8:44  Overlord  
  168  8:53  Swarm Host x2  
  174  8:59  Ravager  
  175  9:03  Overlord  
  175  9:15  Swarm Host x3  
  184  9:17  Overlord  
  184  9:21  Roach x7  
  198  9:33  Zerg Missile Weapons Level 2  
  198  9:36  Extractor  
  197  9:47  Nydus Canal  
  197  9:57  Hive  
  197  9:59  Spire  
  196  10:12  Hatchery  
  195  10:19  Nydus Network  
  187  10:22  Drone x2  
  187  10:23  Drone x2  
  188  10:31  Drone x5  
  188  10:33  Drone  
  188  10:34  Drone x2  
  195  10:38  Roach x2  
  195  10:39  Ravager  
  192  11:03  Roach x12  
  178  11:13  Roach  
  178  11:14  Roach x10  
  198  11:25  Nydus Canal  
  186  11:39  Roach x8  
  185  11:50  Roach x3  
  173  11:59  Roach  
  150  12:05  Roach  
  150  12:06  Roach  
  135  12:14  Roach x2  
Show
View Real Time Build Order
Export as new Build Order

PtitDrogo Protoss - Winner!

Build Orders: 1 Gate Expand, Oracle Opening, Chargelot Immortal 

Get SALT Encoding   

  12  0:01  Probe  
  13  0:13  Probe  
  14  0:19  Pylon  
  14  0:25  Probe  
  15  0:30  Assimilator  
  15  0:35  Probe  
  16  0:43  Probe, Gateway  
  17  0:51  Probe  
  18  1:03  Probe  
  19  1:15  Probe  
  20  1:23  Nexus  
  20  1:33  Cybernetics Core  
  20  1:37  Probe  
  21  1:43  Assimilator  
  21  1:49  Probe  
  21  1:51  Pylon  
  22  2:00  Adept  
  22  2:01  Probe  
  23  2:13  Probe  
  23  2:15  Stargate  
  26  2:20  Stalker  
  26  2:22  Warp Gate  
  26  2:25  Probe  
  27  2:31  Probe  
  30  2:37  Probe  
  30  2:39  Probe  
  32  2:49  Probe x2  
  33  2:54  Oracle  
  37  3:01  Probe x2  
  39  3:09  Gateway  
  39  3:12  Gateway  
  39  3:14  Probe  
  39  3:16  Probe  
  41  3:21  Pylon  
  41  3:22  Oracle  
  41  3:28  Probe  
  41  3:31  Probe  
  46  3:36  Pylon  
  46  3:40  Probe  
  47  3:42  Assimilator  
  47  3:43  Probe  
  47  3:44  Assimilator  
  48  3:52  Oracle  
  48  3:53  Probe  
  48  3:55  Probe, Pylon  
  53  4:05  Probe  
  53  4:07  Probe  
  55  4:14  Adept x3  
  61  4:17  Probe  
  61  4:19  Probe, Pylon  
  63  4:29  Probe  
  64  4:35  Adept x3  
  70  4:41  Robotics Facility  
  70  4:42  Probe  
  70  4:43  Probe  
  72  4:46  Pylon  
  72  4:54  Probe  
  73  5:06  Probe  
  74  5:07  Nexus  
  74  5:11  Pylon  
  74  5:19  Immortal  
  74  5:23  Gateway  
  74  5:24  Gateway  
  74  5:26  Gateway  
  74  5:27  Gateway  
  74  5:33  Sentry x2  
  78  5:46  Immortal  
  69  5:55  Probe x2  
  69  5:59  Sentry x2  
  69  6:00  Sentry, Pylon  
  69  6:03  Pylon  
  79  6:07  Probe x2  
  79  6:08  Twilight Council  
  81  6:15  Warp Prism  
  81  6:19  Probe x2  
  81  6:20  Probe  
  81  6:22  Stalker x2  
  88  6:26  Charge  
  88  6:28  Pylon  
  88  6:31  Probe  
  88  6:32  Probe x2  
  93  6:43  Probe  
  93  6:45  Probe x2  
  93  6:46  Assimilator  
  96  6:48  Assimilator  
  96  6:49  Forge, Templar Archives  
  96  6:50  Stalker  
  98  6:57  Probe  
  98  7:01  Zealot x4  
  107  7:04  Observer  
  107  7:06  Probe  
  107  7:07  Probe  
  110  7:09  Probe  
  110  7:11  Protoss Ground Weapons Level 1  
  110  7:13  Gateway  
  110  7:14  Pylon  
  111  7:19  Probe  
  111  7:21  Psionic Storm  
  106  7:33  High Templar x3  
  106  7:34  Zealot x4  
  106  7:35  Pylon  
  120  7:46  Probe x2  
  120  7:47  Pylon  
  120  7:49  Pylon  
  122  7:56  Photon Cannon  
  122  7:57  High Templar x2, Photon Cannon  
  122  7:58  Shield Battery  
  126  7:59  Shield Battery  
  126  8:01  Photon Cannon  
  126  8:09  Oracle  
  129  8:16  Immortal  
  129  8:22  Pylon  
  129  8:25  High Templar x2  
  129  8:26  Zealot x3  
  143  8:33  Nexus  
  143  8:35  Pylon  
  143  8:40  Pylon  
  143  8:44  High Templar  
  143  8:46  Pylon  
  145  8:53  Zealot x3  
  147  9:03  Protoss Ground Weapons Level 2  
  147  9:08  High Templar x2  
  147  9:09  Zealot x2  
  155  9:11  Gateway  
  155  9:12  Archon  
  155  9:13  Zealot, High Templar x2  
  155  9:15  Probe x3, Gateway  
  164  9:31  Zealot x2  
  164  9:32  Immortal  
  164  9:36  Dark Shrine  
  170  9:48  Zealot x5, Assimilator  
  170  9:51  Assimilator  
  180  10:10  Zealot x6  
  180  10:11  Zealot x3  
  194  10:26  Immortal  
  186  10:32  Probe x2  
  184  10:37  High Templar x4, Photon Cannon  
  184  10:38  Photon Cannon  
  184  10:41  Photon Cannon, Shield Battery, Archon x2  
  184  10:42  High Templar x2  
  196  10:44  Shield Battery  
  196  10:47  Archon  
  194  10:56  Immortal  
  176  11:09  Zealot x4  
  176  11:10  Zealot  
  174  11:26  Dark Templar  
  174  11:30  Probe  
  171  11:35  Immortal  
  171  11:41  Nexus  
  171  11:48  Zealot x4  
  154  12:12  Archon  
  154  12:13  Zealot x4, Dark Templar  
  154  12:14  Zealot x2, Dark Templar  
  154  12:15  Zealot  
Tags
 
Add a new tag
Caveats
  • Supply blocks, unpowered buildings, or Contaminate may cause inaccurate times.
  • Supply counts are checked every 10 seconds.